 Dungeon Crawl Stone Soup version 0.30-b1-5-g8e6c1be481 (webtiles) character file.

Game seed: 9072382655235251189

215 KittyFluff the Cudgeller (level 5, -2/49 HPs)
             Began as a Gargoyle Berserker on May 4, 2023.
             Was a Believer of Trog.
             Slain by a gnoll
             ... wielding a +0 flail
              (4 damage)
             ... on level 4 of the Dungeon.
             The game lasted 00:11:52 (2279 turns).

KittyFluff the Cudgeller (Gargoyle Berserker)       Turns: 2279, Time: 00:11:53

Health: -2/49      AC:  7    Str: 20    XL:     5   Next: 92%
Magic:  5/5        EV: 12    Int:  8    God:    Trog [**....]
Gold:   75         SH:  0    Dex: 11    Spells: 4/4 levels left

rFire   . . .        a - +0 mace
rCold   . . .        (no shield)
rNeg    + . .        v - +0 leather armour
rPois   ∞            (no helmet)
rElec   +            (no cloak)
rCorr   .            (no gloves)
SInv    .            (no boots)
Will    .....        (no amulet) Stlth
                     (no ring)
HPRegen 0.28/turn    (no ring)
MPRegen 0.09/turn

%: no passive effects
@: berserking, very quick
A: sickness immunity, AC +4, negative energy resistance 1, electricity
resistance, torment resistance 1, petrification resistance
a: Renounce Religion, Berserk, Trog's Hand


You were on level 4 of the Dungeon.
You worshipped Trog.
Trog was pleased with you.
You visited 1 branch of the dungeon, and saw 4 of its levels.

You collected 75 gold pieces.

Inventory:

Hand Weapons
 a - a +0 mace (weapon)
 c - a +0 sling
Missiles
 g - 6 boomerangs (quivered)
 i - 3 throwing nets
 l - 11 poisoned darts
Armour
 v - a +0 leather armour (worn)
Scrolls
 e - a scroll of enchant weapon {unknown}
 f - a scroll of enchant armour {unknown}
 h - a scroll of brand weapon {unknown}
 j - 2 scrolls of identify {unknown}
 k - a scroll of blinking {unknown}
 n - a scroll of immolation {unknown}
 o - a scroll of amnesia {unknown}
 p - a scroll of torment {unknown}
 t - a scroll of vulnerability {unknown}
Potions
 d - a potion of curing {unknown}
 m - a potion of magic {unknown}
 q - a potion of flight {unknown}
 r - a potion of cancellation {unknown}
 s - a potion of brilliance {unknown}
 u - a potion of mutation {unknown}


   Skills:
 + Level 4.1 Fighting
 + Level 4.6 Maces & Flails
 * Level 3.2 Armour
 + Level 2.5 Dodging
 + Level 1.0 Stealth


You had 4 spell levels left.
You didn't know any spells.
Your spell library was empty.

Dungeon Overview and Level Annotations

Branches:
Dungeon (4/15)
 Temple: D:4-7

Altars:
Cheibriados
Hepliaklqana


Innate Abilities, Weirdness & Mutations

You are immune to sickness and miasma.
Your stone body is resilient. (AC +4)
You are immune to poison.
You resist negative energy. (rN+)
You are resistant to electric shocks. (rElec)
You are resistant to unholy torment.
You are immune to petrification.


Message History

The gnoll is almost dead.
The gnoll barely misses you.
A gnoll comes into view. It is wielding a +0 flail.
The gnoll drinks a potion.
The gnoll seems to speed up.
The gnoll misses you. The gnoll hits you with a +0 flail.
You hit the gnoll.
You kill the gnoll!
Trog accepts your kill. The gnoll hits you but does no damage.
Found 7 stones.
The gnoll completely misses you.
Things that are here:
a +0 flail; a gnoll corpse You sock the gnoll!
The gnoll is severely wounded.
An orc comes into view. It is wielding a +0 war axe.
The gnoll misses you.
The orc shouts!
You thump the gnoll!
You kill the gnoll!
Trog accepts your kill.
You hear a shout!
The gnoll hits you with a +0 flail.
* * * LOW HITPOINT WARNING * * *
You hit the gnoll.
The gnoll is moderately wounded.
The gnoll hits you with a +0 flail!
* * * LOW HITPOINT WARNING * * *
The gnoll hits you with a +0 flail.
* * * LOW HITPOINT WARNING * * *
You hit the gnoll but do no damage.
The gnoll is moderately wounded.
The gnoll hits you but does no damage. The gnoll hits you with a +0 flail.
* * * LOW HITPOINT WARNING * * *
You closely miss the gnoll.
The gnoll is lightly wounded.
The gnoll barely misses you.
A red film seems to cover your vision as you go berserk!
You feel yourself moving faster!
You feel mighty! The gnoll completely misses you.
The gnoll hits you with a +0 flail.
You die...

#....## #.....##
#......# #.....###
#....##.#
#....##.+#
##.#.....#######..
#.#..<.....o.....
#.#.##..#@##.###
#.#.##..#g#
#.#.##.....
..#.###.#.#. ...
....#.# #. (.....
. .##.....## ..
####


You could see a gnoll (fast) and an orc.

Vanquished Creatures
  A scorpion (D:3)
  An iguana (D:4)
  2 gnolls (D:4)
  5 adders
  A worm (D:3)
  4 dart slugs
  An orc (D:3)
  3 endoplasms
  A giant cockroach (D:1)
  5 goblins
  6 hobgoblins
  3 quokkas
  2 ball pythons (D:1)
  8 bats
  3 frilled lizards
  7 kobolds
  7 rats
  A spectral kobold (D:3)
61 creatures vanquished.

Notes
Turn   | Place    | Note
-------+----------+-------------------------------------------
     0 | D:1      | KittyFluff the Gargoyle Berserker began the quest for the
                  | Orb.
     0 | D:1      | Reached XP level 1. HP: 14/14 MP: 1/1
   111 | D:1      | Reached XP level 2. HP: 19/19 MP: 2/2
   423 | D:1      | Reached XP level 3. HP: 24/24 MP: 3/3
   535 | D:1      | Reached ** piety under Trog
   980 | D:2      | Reached XP level 4. HP: 29/29 MP: 4/4
  1582 | D:3      | Found a snail-covered altar of Cheibriados.
  1660 | D:3      | Found a hazy altar of Hepliaklqana.
  1806 | D:3      | Noticed a scorpion
  1819 | D:3      | Killed a scorpion
  1820 | D:3      | Reached XP level 5. HP: 16/33 MP: 5/5
  2254 | D:4      | Reached skill level 1 in Stealth
  2277 | D:4      | HP: 1/33 [gnoll/+0 flail (1)]
  2279 | D:4      | Slain by a gnoll

Illustrated notes

Levels and vault maps discovered:
D:1:      spicycebolla_arrival_ecumenical, layout_loops_ring
D:2:      layout_basic, minmay_misc_feat_doors, st_stairs_5,
          minmay_misc_feat_cross
D:3:      layout_basic, mainiacjoe_overflow_brackets,
          nicolae_hepliaklqana_monster_ancestors, serial_rivers,
          chequers_serial_rivers_marsh, chequers_serial_rivers_micro_b,
          chequers_serial_rivers_large_b, chequers_serial_rivers_small_b,
          chequers_serial_rivers_room_a, chequers_serial_rivers_micro_c
D:4:      layout_loops_ring, general_overflow_altar, lemuel_round_altar,
          nicolae_ossuary_entry_false_entrances, minmay_stone_trees_small

Skill      XL: |  1  2  3  4  5 |
---------------+----------------+-----
Dodging        | 2 |  2.5
Maces & Flails | 4 |  4.6
Fighting       | 4 |  4.1
Armour         | 3 |  3.2
Stealth        | 1 |  1.0

Action                     |  1- 3 |  4- 6 || total
---------------------------+-------+-------++-------
  Melee: Mace              |    84 |   116 ||   200
         Punch             |     1 |       ||     1
 Invoke: Berserk           |       |     1 ||     1
   Stab: Sleeping          |       |     1 ||     1
 Armour: Animal skin       |    21 |    28 ||    49
         Leather armour    |       |     4 ||     4
  Dodge: Dodged            |    53 |    80 ||   133
